 Dungeon Crawl Stone Soup version 0.15.0-13-gb296d5c (webtiles) character file.

5280 DrPain the Basher (level 10, -5/135 HPs)
             Began as a Minotaur Berserker on Sept 2, 2014.
             Was a High Priest of Trog.
             Slain by Erolcha
             ... wielding a +5 giant club
              (14 damage)
             ... on Level 8 of the Dungeon.
             The game lasted 00:39:45 (8050 turns).

DrPain the Basher (Minotaur Berserker)              Turns: 8050, Time: 00:39:45

HP  -5/135       AC 16     Str 28      XL: 10   Next: 37%
MP   4/4         EV  8     Int  4      God: Trog [*****.]
Gold 410         SH  0     Dex 12      Spells:  0 memorised,  9 levels left

rFire  . . .     SeeInvis .     f - +4 dire flail (protect)
rCold  . . .     Clarity  .     J - +0 chain mail (curse)
rNeg   . . .     rCorr    .     (no shield)
rPois  .         rRot     .     (helmet restricted)
rElec  .         Spirit   .     (no cloak)
SustAb .         Warding  .     (no gloves)
rMut   .         Stasis   .     (no boots)
Gourm  .                        (no amulet)
MR     .....                    (no ring)
                                (no ring)

@: berserking, slowed, not resistant to hostile enchantments, extremely
unstealthy
A: retaliatory headbutt, horns 2
a: Burn Spellbooks, Berserk, Trog's Hand, Brothers in Arms, Renounce Religion


You were on level 8 of the Dungeon.
You worshipped Trog.
Trog was extremely pleased with you.
You were hungry.

You visited 1 branch of the dungeon, and saw 8 of its levels.
You also visited: Sewer.

You collected 410 gold pieces.

Inventory:

Hand weapons
 c - a +1 hand crossbow of flaming
 f - a +4 dire flail of protection (weapon)
 v - a cursed +0 whip
 M - a +0 shortbow
Missiles
 j - 36 bolts (quivered)
 k - 213 stones
 l - 146 arrows
 r - 74 sling bullets
 S - 9 bolts of frost
Armour
 J - a cursed +0 chain mail (worn)
Magical devices
 o - a wand of polymorph (10) {unknown}
 x - a wand of magic darts (17)
 E - a wand of frost (9) {unknown}
 F - a wand of fire (11) {unknown}
 H - a wand of cold (12) {unknown}
 O - a wand of confusion (12) {unknown}
Comestibles
 a - a slice of pizza
 d - 3 beef jerkies
 n - 4 meat rations
 D - 7 bread rations
 P - a rotting chunk of warg flesh
 Q - 5 fruits
Scrolls
 b - 4 scrolls of identify
 m - 2 scrolls of noise {unknown}
 p - a scroll of fear
 q - 2 scrolls of random uselessness {unknown}
 s - 4 scrolls of remove curse
 t - 2 scrolls of teleportation
 w - 4 scrolls of magic mapping
 B - a scroll of blinking
 I - a scroll of recharging {unknown}
 K - 2 scrolls of enchant armour {unknown}
 L - a scroll of fog
Jewellery
 y - an uncursed ring of see invisible {unknown}
 T - a cursed -5 ring of protection {unknown}
Potions
 e - 2 potions of confusion {unknown}
 g - 8 potions of curing {unknown}
 h - a potion of resistance {unknown}
 i - 2 potions of haste {unknown}
 u - a potion of might {unknown}
 z - 4 potions of brilliance {unknown}
 A - 5 potions of magic {unknown}
 C - 3 potions of heal wounds {unknown}
 G - 2 potions of cure mutation {unknown}
 N - a potion of degeneration {unknown}
 R - a potion of beneficial mutation {unknown}


   Skills:
 + Level 8.4 Fighting
 - Level 12.1 Maces & Flails
 + Level 6.0 Crossbows
 + Level 8.2 Armour
 + Level 6.0 Dodging


You had 9 spell levels left.
You didn't know any spells.

Dungeon Overview and Level Annotations

Branches:
Dungeon (8/15)             Temple (0/1) D:5            Lair (0/8) D:8

Altars:
Cheibriados
Dithmenos
Elyvilon
Fedhas
Makhleb
Okawaru
Qazlal
Sif Muna
Xom
Yredelemnul
The Shining One

Annotations:
D:8 Erolcha


Innate Abilities, Weirdness & Mutations

You reflexively headbutt those who attack you in melee.
You have a pair of horns on your head.


Message History

Something tries to affect you, but you resist.
Something hits you but does no damage.
Ouch! You hear some strange, mumbled words.
You feel yourself slow down. Something hits you!! Something hits you!
You miss something. You headbutt something!
You feel less confused.
You sock something! Something hits you!
* * * LOW HITPOINT WARNING * * *
Use which ability? (? or * to list)
A red film seems to cover your vision as you go berserk!
You feel yourself moving faster!
You feel mighty!
You are feeling hungry.
Something hits you!!
* * * LOW HITPOINT WARNING * * *
You miss something. You headbutt something! You completely miss something.
Something hits you!
You die...

... #. #.# .....#
##.##.# .....
....#.## ....#####
#..#.#. ##...#...##
#....#.
##.........####.#...
#...........##......
#...........##......
#..@................
##..........#####...
##........## ###...
###.#....# #.....
#.#...#####.#...
#.#.............
#.#....####.#...
#(##.#......#.#.
#.##............


There were no monsters in sight!

Vanquished Creatures
  The ghost of kaibutsu the Shield-Bearer, an experienced FoAK of Lugonu (D:8)
  The ghost of advil the Protected, an experienced MiFi of Okawaru (D:7)
  Prince Ribbit (D:7)
  A spriggan (D:7)
  Eustachio (D:7)
  A hippogriff (D:8)
  A deep elf mage (D:7)
  Menkaure (D:7)
  3 wargs (D:8)
  2 sky beasts
  A phantom (D:8)
  The ghost of DrPain the Cudgeler, an average MiBe of Trog (D:3)
  2 centaurs (D:6)
  An ogre (D:7)
  Sigmund (D:4)
  8 giant frogs
  Blork the orc (D:5)
  3 scorpions
  4 killer bees (D:7)
  2 crimson imps (D:7)
  A giant frog zombie (D:5)
  A goliath beetle (D:6)
  4 hounds
  A jelly (D:6)
  4 orc priests
  8 orc wizards
  7 worker ants
  A hound skeleton (D:6)
  7 gnolls
  19 adders
  5 green rats (Sewer)
  A shadow imp (D:8)
  2 giant mites (D:7)
  A goliath beetle zombie (D:5)
  4 worms
  4 giant geckos
  An ooze (Sewer)
  37 orcs
  11 ball pythons
  17 bats
  3 giant cockroaches
  17 goblins
  8 hobgoblins
  11 jackals
  12 kobolds
  5 quokkas
  A giant cockroach zombie (D:6)
  7 giant newts
  An orc skeleton (D:4)
  An orc zombie (D:6)
  37 rats
  A rat zombie (D:4)
  A bush (D:3)
278 creatures vanquished.

Notes
Turn   | Place    | Note
--------------------------------------------------------------
     0 | D:1      | DrPain, the Minotaur Berserker, began the quest for the Orb.
     0 | D:1      | Reached XP level 1. HP: 19/19 MP: 1/1
    69 | D:1      | Reached skill level 4 in Maces & Flails
   239 | D:1      | Reached XP level 2. HP: 26/26 MP: 1/1
   356 | D:1      | Reached skill level 5 in Maces & Flails
   415 | D:1      | Acquired Trog's second power
   415 | D:1      | Reached XP level 3. HP: 25/31 MP: 2/2
   889 | D:2      | Reached XP level 4. HP: 37/39 MP: 2/2
   927 | D:2      | Reached skill level 6 in Maces & Flails
  1432 | D:2      | Found a shadowy altar of Dithmenos.
  1437 | D:2      | Found a white marble altar of Elyvilon.
  1439 | D:2      | Found a deep blue altar of Sif Muna.
  1440 | D:2      | Found an iron altar of Okawaru.
  1442 | D:2      | Found a burning altar of Makhleb.
  1443 | D:2      | Found a snail-covered altar of Cheibriados.
  1475 | D:3      | Noticed DrPain's ghost (average MiBe)
  1485 | D:3      | Killed DrPain's ghost
  1485 | D:3      | Reached skill level 7 in Maces & Flails
  1485 | D:3      | Reached XP level 5. HP: 45/45 MP: 2/2
  1808 | D:3      | Found a basalt altar of Yredelemnul.
  1809 | D:3      | Noticed a profane servitor
  1817 | D:3      | Found a glowing golden altar of the Shining One.
  1818 | D:3      | Noticed an angel
  1907 | D:3      | Found a blossoming altar of Fedhas.
  1916 | D:3      | Found a stormy altar of Qazlal.
  2151 | D:3      | Reached skill level 8 in Maces & Flails
  2252 | D:3      | Acquired Trog's third power
  2580 | D:4      | Reached XP level 6. HP: 51/51 MP: 3/3
  2760 | D:4      | Found a glowing drain.
  2768 | Sewer    | Entered a sewer
  2809 | Sewer    | Reached skill level 9 in Maces & Flails
  3144 | Sewer    | Reached XP level 7. HP: 39/57 MP: 3/3
  3158 | Sewer    | Reached skill level 10 in Maces & Flails
  3585 | D:4      | Found a shimmering altar of Xom.
  3590 | D:4      | Received a gift from Trog
  3769 | D:4      | Reached skill level 1 in Crossbows
  3954 | D:4      | Noticed Sigmund
  3963 | D:4      | Killed Sigmund
  3963 | D:4      | Reached skill level 11 in Maces & Flails
  4325 | D:5      | Entered Level 5 of the Dungeon
  4345 | D:5      | Reached XP level 8. HP: 60/64 MP: 3/3
  4602 | D:5      | Reached skill level 12 in Maces & Flails
  4624 | D:5      | Noticed Blork the orc
  4633 | D:5      | Killed Blork the orc
  4990 | D:5      | Found a staircase to the Ecumenical Temple.
  6214 | D:6      | Found a basalt altar of Yredelemnul.
  6545 | D:7      | Reached XP level 9. HP: 73/73 MP: 4/4
  6588 | D:7      | Received a gift from Trog
  6636 | D:7      | Reached skill level 5 in Fighting
  6709 | D:7      | Reached skill level 5 in Armour
  6747 | D:7      | Noticed Menkaure
  6752 | D:7      | Killed Menkaure
  6870 | D:7      | Noticed advil's ghost (experienced MiFi)
  6879 | D:7      | Killed advil's ghost
  6879 | D:7      | Reached skill level 5 in Crossbows
  6941 | D:7      | Noticed Prince Ribbit
  6949 | D:7      | Killed Prince Ribbit
  7038 | D:7      | Noticed Eustachio
  7050 | D:7      | Killed Eustachio
  7050 | D:7      | Reached skill level 5 in Dodging
  7325 | D:7      | Found an iron altar of Okawaru.
  7705 | D:7      | Reached XP level 10. HP: 68/86 MP: 4/4
  7765 | D:8      | Found a staircase to the Lair.
  7937 | D:8      | Noticed kaibutsu's ghost (experienced FoAK)
  7945 | D:8      | Killed kaibutsu's ghost
  7979 | D:8      | Received a gift from Trog
  8027 | D:8      | Noticed Erolcha
  8050 | D:8      | Slain by Erolcha

Action                   |  1- 3 |  4- 6 |  7- 9 | 10-12 || total
-------------------------+-------+-------+-------+-------++-------
Melee: Mace              |    69 |    82 |       |       ||   151
       Flail             |       |   199 |   176 |       ||   375
       Dire flail        |       |       |    80 |    63 ||   143
 Fire: Hand crossbow     |       |       |    39 |     7 ||    46
Invok: Berserk           |     1 |     4 |     9 |     3 ||    17
       Burn Spellbooks   |       |       |     1 |       ||     1
  Use: Scroll            |       |       |     8 |       ||     8
  Eat: Chunk             |     1 |     9 |    18 |     3 ||    31
       Fruit             |       |     1 |     3 |       ||     4
       Bread ration      |       |       |     1 |       ||     1
